 Dungeon Crawl Stone Soup version 0.23-a0-373-g305c090 (webtiles) character file.

29 lul123 the Charmwright (level 3, -1/27 HPs)
             Began as a Demonspawn Skald on Oct 25, 2018.
             Slain by a worm (8 damage)
             ... on level 2 of the Dungeon.
             The game lasted 00:01:39 (1164 turns).

lul123 the Charmwright (Demonspawn Skald)           Turns: 1164, Time: 00:01:40

Health: -1/27      AC:  6    Str: 12    XL:     3   Next: 1%
Magic:  6/6        EV: 10    Int: 14    God:
Gold:   15         SH:  0    Dex: 12    Spells: 5/6 levels left

rFire    . . .     SeeInvis .   a - +0 falchion
rCold    . . .     Gourm    .   (no shield)
rNeg     . . .     Faith    .   g - +0 scale mail
rPois    .         Spirit   .   (no helmet)
rElec    .         Reflect  .   (no cloak)
rCorr    .         Harm     .   (no gloves)
MR       .....                  (no boots)
Stlth    ..........             (no amulet)
HPRegen  0.09/turn              (no ring)
MPRegen  0.10/turn              (no ring)

@: hasted, drained, very quick
A: powered by pain 1, sturdy frame 1
a: no special abilities


You were on level 2 of the Dungeon.
You were hungry.

You visited 1 branch of the dungeon, and saw 2 of its levels.

You collected 15 gold pieces.

Inventory:

Hand Weapons
 a - a +0 falchion (weapon)
Armour
 b - a +0 leather armour
 e - a +0 buckler
 g - a +0 scale mail (worn)
Scrolls
 f - a scroll of magic mapping {unknown}
Comestibles
 d - 4 rations


   Skills:
 - Level 2.2(2.1) Fighting
 - Level 2.3(2.2) Long Blades
 - Level 0.9(0.8) Armour
 - Level 1.8(1.7) Dodging
 * Level 1.5(1.4) Shields
 - Level 2.0(1.8) Spellcasting
 - Level 2.6(2.5) Charms


You had 5 spell levels left.
You knew the following spells:

 Your Spells              Type           Power        Failure   Level  Hunger
a - Infusion              Chrm           #...         24%         1    ##.....

Your spell library contained the following spells:

 Spells                   Type           Power        Failure   Level  Hunger
 Song of Slaying          Chrm           #.......     36%         2    ###....
 Shroud of Golubria       Chrm/Tloc      #.........   52%         2    ###....
 Regeneration             Chrm/Necr      #.........   77%         3    ####...
 Spectral Weapon          Hex/Chrm       #.......     77%         3    ####...


Dungeon Overview and Level Annotations

Branches:
Dungeon (2/15)

Altars:


Innate Abilities, Weirdness & Mutations

You sometimes gain a little power by taking damage.
Your movements are slightly less encumbered by armour. (ER -2)


Message History

The worm bites you.
Unknown command.
You hit the worm but do no damage.
The worm is heavily wounded.
The worm bites you!
You hit the worm but do no damage.
The worm is heavily wounded.
The worm bites you!
* * * LOW HITPOINT WARNING * * *
You are too injured to fight recklessly!
You are too injured to fight recklessly!
You are too injured to fight recklessly!
You are too injured to fight recklessly!
You are too injured to fight recklessly!
You are too injured to fight recklessly!
You are too injured to fight recklessly!
There is a stone staircase leading up here.
It was a potion of haste.
You feel yourself speed up. The worm bites you!
You die...

#. #.# ... ##.#
##.# ...#
<...##.$###...#
##........!....
.............
#........#
#.....<.# #
#.#....####..#..
#.#.<@w†...... #
#.##$....... ...
.....#...
...#.........#.
#..#####.####...
.... #.# .# ##.
#.# . # #.#


You could see a worm.

Vanquished Creatures
  2 dart slugs
  7 goblins (D:1)
  4 hobgoblins (D:1)
  4 bats (D:1)
  2 frilled lizards (D:1)
  7 rats (D:1)
26 creatures vanquished.

Notes
Turn   | Place    | Note
-------+----------+-------------------------------------------
     0 | D:1      | lul123 the Demonspawn Skald began the quest for the Orb.
     0 | D:1      | Reached XP level 1. HP: 16/16 MP: 3/3
   599 | D:1      | Gained mutation: Your movements are slightly less
                  | encumbered by armour. (ER -2) [demonic ancestry]
   599 | D:1      | Reached XP level 2. HP: 22/22 MP: 5/5
   664 | D:1      | Reached skill level 1 in Shields
  1150 | D:2      | Gained mutation: You sometimes gain a little power by
                  | taking damage. [demonic ancestry]
  1150 | D:2      | Reached XP level 3. HP: 26/27 MP: 6/6
  1164 | D:2      | Slain by a worm

Vault maps used:
D:1:      dpeg_arrival_three_same_balls, kennysheep_boxes
D:2:      lemuel_coloured_pillars_altar, dancing_weapons_uskayaw,
          minmay_heptomino_l4

Skill      XL: |  1  2 |
---------------+-------+-----
Long Blades    | 2 |  2.3
Shields        | 1 |  1.5
Fighting       | |  2.2
Armour         | |  0.9
Dodging        | |  1.8
Spellcasting   | |  2.0
Charms         | |  2.6

Action                   || total
-------------------------++-------
Melee: Falchion          ||    70
  Use: Potion            ||     1
 Stab: Sleeping          ||     1
Armor: Leather armour    ||     8
       Scale mail        ||     1
Dodge: Dodged            ||    52
       Rpst.: Falchion   ||    17

Table legend:
 A = Non-vault XP
 B = Vault XP
 C = Vault XP percentage of total XP
 D = Non-vault monster count
 E = Vault monster count
 F = Vault count percentage of total count
                 A         B        C        D         E       F
            +---------+---------+-------+---------+---------+-------
      Total |      42 |       0 |   0.0 |      26 |       0 |   0.0
            +---------+---------+-------+---------+---------+-------
        D:1 |      38 |       0 |   0.0 |      25 |       0 |   0.0
        D:2 |       4 |       0 |   0.0 |       1 |       0 |   0.0
            +---------+---------+-------+---------+---------+-------
